 Dungeon Crawl Stone Soup version 0.30.1-4-g462c640d31 (webtiles) character file.

Game seed: 11115693547869976248

4052 rvierbuc the Destroyer (level 9, -7/68 HPs)
             Began as a Demigod Conjurer on Aug 20, 2023.
             Mangled by a boulder beetle (18 damage)
             ... on level 8 of the Dungeon.
             The game lasted 01:06:16 (8525 turns).

rvierbuc the Destroyer (Demigod Conjurer)           Turns: 8525, Time: 01:06:17

Health: -7/68      AC:  8    Str:  8    XL:     9   Next: 75%
Magic:  6/23       EV: 28    Int: 32    God:
Gold:   262        SH:  0    Dex: 12    Spells: 15/22 levels left

rFire   . . .        o - +1 dagger (flame)
rCold   . . .        (no shield)
rNeg    . . .        a - +0 robe
rPois   .            (no helmet)
rElec   .            X - +0 cloak
rCorr   .            E - +1 pair of gloves
SInv    .            j - +2 pair of boots
Will    +....        i - amulet of the acrobat
Stlth   +++          u - ring of willpower
HPRegen 0.31/turn    (no ring)
MPRegen 0.18/turn

%: acrobat
@: acrobatic
A: high MP 1, forlorn, divine attributes
a: no special abilities


You were on level 8 of the Dungeon.
You visited 1 branch of the dungeon, and saw 8 of its levels.

You collected 328 gold pieces.
You spent 66 gold pieces at shops.

Inventory:

Hand Weapons
 c - a +0 dagger
 e - a +2 heavy mace
 o - a +1 dagger of flaming (weapon)
 q - a +2 flail of holy wrath
 w - a +2 short sword of draining
 y - the +4 war axe of Uloup {freeze, *Corrode Fragile rElec rF+++}
   (You found it on level 5 of the Dungeon)

   rF:        It renders you almost immune to fire.
   rElec:     It insulates you from electricity.
   *Corrode:  It may corrode you when you take damage.
   Fragile:   It will be destroyed if unequipped.
 B - a +1 morningstar of holy wrath
 H - a +2 whip of venom
 I - a +2 whip of draining
 L - a +1 spear of freezing
 M - a +1 spear of freezing
 R - a +2 whip of freezing
 T - a +1 dagger of freezing
Missiles
 x - 6 throwing nets (quivered)
 N - 3 silver javelins
 O - 6 boomerangs
 P - 6 poisoned darts
Armour
 a - a +0 robe (worn)
 j - a +2 pair of boots (worn)
 A - a scarf of resistance
 E - a +1 pair of gloves (worn)
 F - a +0 plate armour
 S - a +0 kite shield
 X - a +0 cloak (worn)
Jewellery
 i - an amulet of the acrobat (around neck)
 u - a ring of willpower (left hand)
 K - a ring of positive energy
Wands
 D - a wand of charming (4)
 G - a wand of roots (8)
 Q - a wand of flame (11)
Scrolls
 d - 2 scrolls of identify
 k - 2 scrolls of magic mapping {unknown}
 l - 9 scrolls of teleportation
 m - 2 scrolls of poison
 n - 2 scrolls of brand weapon {unknown}
 p - 2 scrolls of enchant weapon {unknown}
 C - 2 scrolls of fear
 U - a scroll of vulnerability
 V - a scroll of silence {unknown}
Potions
 b - 2 potions of magic
 f - 3 potions of haste {unknown}
 g - 2 potions of heal wounds
 h - a potion of brilliance {unknown}
 r - a potion of mutation {unknown}
 s - 2 potions of lignification {unknown}
 t - 2 potions of might
 v - 6 potions of curing
 z - 2 potions of attraction {unknown}
 J - 4 potions of degeneration {unknown}
 W - a potion of flight {unknown}


   Skills:
 + Level 2.5 Fighting
 + Level 0.4 Throwing
 + Level 5.4 Dodging
 + Level 5.2 Stealth
 + Level 7.2 Spellcasting
 + Level 8.7 Conjurations
 + Level 0.1 Hexes


You had 15 spell levels left.
You knew the following spells:

 Your Spells              Type           Power      Damage    Failure   Level
a - Magic Dart            Conj           100%       1d8       1%          1
b - Searing Ray           Conj           100%       2d8       1%          2
c - Fulminant Prism       Conj/Hex       19%        3d10      7%          4

Your spell library contained the following spells:

 Spells                   Type           Power      Damage    Failure   Level
 Shock                    Conj/Air       100%       1d9       1%          1
 Dazzling Flash           Conj/Hex       78%        N/A       1%          3
 Apportation              Tloc           22%        N/A       4%          1
 Necrotise                Necr           44%        1d6       4%          1
 Summon Small Mammal      Summ           44%        N/A       4%          1
 Cigotuvi's Dreadful Rot  Necr/Pois/Air  22%        N/A       6%          2
 Iskenderun's Mystic Bla  Conj/Tloc      39%        2d9       7%          4
 Ignite Poison            Fire/Tmut/Pois 11%        N/A       12%         3
 Swiftness                Air            11%        N/A       12%         3
 Volatile Blastmotes      Fire/Tloc      22%        2d11      12%         3
 Freezing Cloud           Conj/Ice/Air   15%        6-21      34%         5
 Airstrike                Air            5%         2d(1-17)  38%         4
 Lee's Rapid Deconstruct  Erth           5%         3d6*      75%         5


Dungeon Overview and Level Annotations

Branches:
Dungeon (8/15)             Temple (0/1) D:6
   Lair: D:8-11

Shops:
D:5 [   D:6 !:(([   D:7 :   D:8 [

Annotations:
D:3 1 transporter


Innate Abilities, Weirdness & Mutations

You have an increased reservoir of magic. (+10% MP)
You shall have no god before yourself.
Your divine heritage dramatically boosts your attributes as you level up.


Message History

The boulder beetle barely misses you.
You see here a scroll labelled ITOPSIATSICS.
Press: ? - help, v - describe, . - travel, g - get item
Items here: +0 acid dragon scales; an acid dragon corpse.
The floor.
The boulder beetle bites you!
* * * LOW HITPOINT WARNING * * *
The boulder beetle curls into a ball and begins rolling!
The boulder beetle closely misses you.
The boulder beetle stops rolling and uncurls.
There is an open gate here.
An orc priest comes into view. It is wielding a +0 mace of holy wrath.
Casting: Searing Ray (safe; 1% risk of failure)
Confirm with . or Enter, or press ? or * to list all spells.
Aiming: Fulminant Prism (dangerous; 7% risk of failure)
Press: ? - help, Dir - move target, p - boulder beetle You conjure a prism of explosive energy!
The orc priest shouts!
A fulminant prism comes into view.
The boulder beetle bites you.
* * * LOW HITPOINT WARNING * * *
The boulder beetle misses you.
The orc priest hits your fulminant prism with a +0 mace of holy wrath.
Your fulminant prism crackles loudly.
The boulder beetle completely misses you.
Your fulminant prism explodes!
The blast of energy engulfs the orc priest!!
You kill the orc priest!
Casting: Fulminant Prism (dangerous; 7% risk of failure)
Confirm with . or Enter, or press ? or * to list all spells.
Aiming: Searing Ray (safe; 1% risk of failure)
Press: ? - help, Shift-Dir - straight line, f - boulder beetle
Aim: a boulder beetle (100% to hit)
The searing ray hits the boulder beetle but does no damage. (Press . to maintain the ray.)
The boulder beetle bites you!
* * * LOW HITPOINT WARNING * * *
The boulder beetle completely misses you.
The boulder beetle bites you!!
You die...

##..# ##.## ...##
#### ....###..#
.........#####
..#........#.#
###.#..##....###
#.....##......#####
.......###......@..#
........#..).....B.#
##......#..........#
................##.##
. .. ......######..#
##.........##...###.#
.... .....##.....##.#
.# ...#...)...'.#
..#...∩...'.#


You could see a boulder beetle.

Vanquished Creatures
  Pikel (D:8)
  Prince Ribbit (D:7)
  A wyvern (D:8)
  An acid dragon (D:8)
  2 water moccasins
  2 ice beasts (D:6)
  An orc warrior (D:7)
  A sky beast (D:6)
  A black bear (D:5)
  5 ogres
  2 lemures (D:7)
  A phantom (D:4)
  A bullfrog (D:7)
  5 scorpions
  5 gnoll sergeants (D:7)
  A howler monkey (D:5)
  3 electric eels (D:7)
  3 jellies
  7 hounds
  2 gnoll boudas (D:7)
  2 orc priests (D:8)
  3 iguanas
  Jessica (D:3)
  A sleepcap (D:7)
  4 orc wizards
  37 gnolls
  7 adders
  A white imp (D:6)
  2 worms
  4 dart slugs
  14 orcs
  6 endoplasms
  A giant cockroach (D:1)
  4 goblins
  6 hobgoblins
  9 jackals
  6 kobolds
  4 quokkas
  5 ball pythons
  4 bats
  A frilled lizard (D:1)
  24 rats
192 creatures vanquished.

Vanquished Creatures (others)
  7 fulminant prisms (D:8)
7 creatures vanquished.

Grand Total: 199 creatures vanquished

Notes
Turn   | Place    | Note
-------+----------+-------------------------------------------
     0 | D:1      | rvierbuc the Demigod Conjurer began the quest for the Orb.
     0 | D:1      | Reached XP level 1. HP: 14/14 MP: 5/5
   127 | D:1      | Reached skill level 4 in Conjurations
   258 | D:1      | Reached XP level 2. HP: 20/20 MP: 4/7
   558 | D:1      | Learned a level 2 spell: Searing Ray
   814 | D:2      | Reached XP level 3. HP: 16/26 MP: 0/8
  1480 | D:2      | Reached XP level 4. HP: 33/33 MP: 5/10
  1612 | D:3      | Noticed Jessica
  1620 | D:3      | Killed Jessica
  1663 | D:3      | Found a transporter.
  1664 | D:3      | Noticed a kobold demonologist
  1691 | D:3      | Found a transporter.
  1822 | D:3      | You fall into a shaft and drop 3 floors!
  1825 | D:6      | Found Irualin's Distillery.
  1830 | D:6      | Bought a potion of curing for 33 gold pieces
  1830 | D:6      | Bought a potion of curing for 33 gold pieces
  1835 | D:6      | Noticed a sky beast
  1855 | D:6      | Reached skill level 5 in Conjurations
  1857 | D:6      | Killed a sky beast
  1858 | D:6      | Reached XP level 5. HP: 23/38 MP: 2/12
  1943 | D:6      | Found Debes's Book Shop.
  1977 | D:6      | Found Gaaps's Weapon Boutique.
  2089 | D:6      | Noticed an ice beast
  2257 | D:6      | Found Efoloann's Weapon Emporium.
  2269 | D:6      | Reached XP level 6. HP: 46/46 MP: 7/13
  2361 | D:6      | Found Vecs's Antique Armour Shoppe.
  2383 | D:5      | Entered Level 5 of the Dungeon
  2454 | D:5      | Found Ilikhloc's Antique Armour Boutique.
  2489 | D:5      | Reached skill level 6 in Conjurations
  2748 | D:5      | Reached XP level 7. HP: 51/51 MP: 11/15
  2949 | D:5      | Identified the +4 war axe of Uloup {freeze, *Corrode
                  | Fragile rElec rF+++}
  3021 | D:5      | Reached skill level 1 in Fighting
  5522 | D:6      | Found a staircase to the Ecumenical Temple.
  5581 | D:6      | Reached XP level 8. HP: 57/59 MP: 12/18
  5823 | D:6      | Reached skill level 5 in Spellcasting
  5903 | D:6      | Reached skill level 7 in Conjurations
  6428 | D:7      | Found Haikh's Book Shoppe.
  6912 | D:7      | Reached XP level 9. HP: 67/67 MP: 6/21
  7289 | D:7      | Reached skill level 8 in Conjurations
  7319 | D:7      | Noticed Pikel
  7349 | D:8      | Killed Pikel
  7350 | D:8      | Reached skill level 5 in Dodging
  7350 | D:8      | Reached skill level 5 in Stealth
  7550 | D:7      | Learned a level 4 spell: Fulminant Prism
  8075 | D:8      | Noticed Prince Ribbit
  8129 | D:7      | Killed Prince Ribbit
  8481 | D:8      | Found Orgho's Armour Shop.
  8481 | D:8      | Noticed a boulder beetle
  8525 | D:8      | Mangled by a boulder beetle

Illustrated notes

Levels and vault maps discovered:
D:1:      dpeg_arrival_houses_and_road, layout_rooms,
          ebering_ecumenical_altar_petrified
D:2:      layout_basic
D:3:      gammafunk_wand_slinger, layout_loops_corners, reono_crystal_passage,
          minmay_rat_hole, uniq_jessica
D:4:      layout_loops_ring, mainiacjoe_overflow_alcove_2,
          grunt_temple_overflow_open
D:5:      layout_cave_pods, serial_shops, shop
D:6:      layout_basic, fedhas_altar_1, minmay_temple_entry_sparse_star,
          serial_shops, kennysheep_little_box,
          nicolae_shop_bloodbath_and_beyond, nicolae_shop_just_a_little_nook,
          shop, nicolae_shop_just_a_little_nook
D:7:      layout_cave_pools, serial_gnoll_camp, gnoll_camp_mini_basic,
          gnoll_camp_huts_moat, gnoll_camp_mini_hut, gnoll_camp_mini_shop,
          gnoll_camp_mini_basic, uniq_pikel
D:8:      layout_cave_pools, grunt_temple_overflow_order_and_chaos_1,
          serial_shops, nicolae_shop_hallway_stairs, kennysheep_windowed_goal,
          uniq_prince_ribbit1

Skill      XL: |  1  2  3  4  5  6  7  8  9 |
---------------+----------------------------+-----
Conjurations   | 4 5 6 7 8 |  8.7
Stealth        | 2 3 4 5 |  5.2
Spellcasting   | 2 3 4 6 7 |  7.2
Dodging        | 2 3 4 5 |  5.4
Fighting       | 1 2 |  2.5
Throwing       | |  0.4
Hexes          | |  0.1

Action                     |  1- 3 |  4- 6 |  7- 9 || total
---------------------------+-------+-------+-------++-------
  Melee: Dagger            |    27 |     8 |    12 ||    47
  Throw: Throwing net      |       |       |     6 ||     6
   Cast: Magic Dart        |    42 |     3 |     8 ||    53
         Searing Ray       |    12 |    20 |   113 ||   145
         Fulminant Prism   |       |       |     7 ||     7
    Use: Scroll            |       |       |     7 ||     7
         Potion            |       |       |     1 ||     1
   Stab: Sleeping          |     1 |       |     1 ||     2
 Armour: Robe              |    15 |     9 |    25 ||    49
  Dodge: Dodged            |    37 |    33 |   164 ||   234
